 Dungeon Crawl Stone Soup version 0.31-a0-845-g9abc20d24f (webtiles) character file.

Game seed: 11408144589101921556

18 Dirtsage the Chopper (level 2, -1/24 HPs)
             Began as a Demonspawn Berserker on Oct 1, 2023.
             Was a Follower of Trog.
             Slain by Sigmund
             ... wielding a +0 scythe
              (10 damage)
             ... on level 2 of the Dungeon.
             The game lasted 00:01:05 (1029 turns).

Dirtsage the Chopper (Demonspawn Berserker)         Turns: 1029, Time: 00:01:06

Health: -1/24      AC:  8    Str: 17    XL:     2   Next: 51%
Magic:  2/2        EV:  8    Int:  8    God:    Trog [*.....]
Gold:   93         SH:  0    Dex: 12    Spells: 1/1 levels left

rFire   . . .        a - +0 hand axe
rCold   . . .        (no shield)
rNeg    . . .        j - +0 chain mail
rPois   .            (no helmet)
rElec   .            (no cloak)
rCorr   .            (no gloves)
SInv    .            (no boots)
Will    .....        (no amulet) Stlth
                     (no ring)
HPRegen 0.24/turn    (no ring)
MPRegen 0.08/turn

%: no passive effects
@: confused, on berserk cooldown, slowed, very slow
A: powered by pain 1
a: Renounce Religion, Berserk


You were on level 2 of the Dungeon.
You worshipped Trog.
Trog was aware of your devotion.
You visited 1 branch of the dungeon, and saw 2 of its levels.

You collected 93 gold pieces.

Inventory:

Hand Weapons
 a - a +0 hand axe (weapon)
Armour
 b - a +0 animal skin
 j - a +0 chain mail (worn)
Scrolls
 c - a scroll of revelation {unknown}
 e - a scroll of blinking {unknown}
 f - 3 scrolls of identify {unknown}
 g - a scroll of enchant armour {unknown}
 h - a scroll of fear {unknown}
 k - a scroll of teleportation {unknown}
Potions
 d - a potion of berserk rage {unknown}
 i - a potion of curing {unknown}


   Skills:
 - Level 3.0 Fighting
 + Level 3.5 Axes
 - Level 1.7 Armour
 - Level 1.7 Dodging


You had one spell level left.
You didn't know any spells.
Your spell library contained the following spells:

 Spells                   Type           Power      Damage    Failure   Level
 Blink                    Tloc           0%         N/A       100%        2
 Lesser Beckoning         Tloc           0%         N/A       100%        2
 Momentum Strike          Conj/Tloc      0%         3d8       100%        2


Dungeon Overview and Level Annotations

Branches:
Dungeon (2/15)

Altars:

Annotations:
D:2 Sigmund


Innate Abilities, Weirdness & Mutations

You sometimes gain a little power by taking damage.


Message History

Sigmund points at you and mumbles some strange words.
You are more confused.
You bump into the rock wall.
Sigmund gestures at you while chanting. The puff of flame hits you.
You take 3 damage, and have 33/36 hp.
You feel your anger nearly subside.
You slash Sigmund!
Sigmund is heavily wounded.
Sigmund hits you but does no damage.
You feel a strong urge to attack something.
You are no longer berserk.
You are exhausted.
You feel yourself slow down. Sigmund closely misses you.
You now have 23/24 hp.
You miss Sigmund.
Sigmund is heavily wounded.
Sigmund barely misses you.
You're too confused to move!
Sigmund points at you and mumbles some strange words.
The puff of flame hits you.
You take 6 damage, and have 17/24 hp.
MASSIVE DAMAGE!!
You closely miss Sigmund.
Sigmund is heavily wounded.
Sigmund casts a spell at you.
You are more confused.
Sigmund gestures at you while chanting. The magic dart hits you.
You take 4 damage, and have 13/24 hp.
You bump into the rock wall.
Sigmund hits you but does no damage.
You closely miss Sigmund.
Sigmund is heavily wounded.
Sigmund casts a spell.
Sigmund flickers and vanishes!
Deactivating autopickup; reactivate with Ctrl-A.
You closely miss something. Something hits you but does no damage.
Something hits you.
You take 4 damage, and have 9/24 hp.
Something hits you!
You die...

#.....# #.....#
#######.....#
#...........+
###.###.....######
#.# ####........
#.# #..####### #.#
#..# #.# #{@# #.#
#....# #.# #....#
#.# #....#
###.#####..#
#.......#..#
#######.#..#
#.#... #.#


There were no monsters in sight!

Vanquished Creatures
  A ball python (D:1)
  A bat (D:1)
  2 endoplasms (D:1)
  3 goblins (D:1)
  2 quokkas
  2 frilled lizards (D:1)
  6 kobolds (D:1)
17 creatures vanquished.

Notes
Turn   | Place    | Note
-------+----------+-------------------------------------------
     0 | D:1      | Dirtsage the Demonspawn Berserker began the quest for the
                  | Orb.
     0 | D:1      | Reached XP level 1. HP: 18/18 MP: 1/1
   186 | D:1      | Gained mutation: You sometimes gain a little power by
                  | taking damage. [demonic ancestry]
   186 | D:1      | Reached XP level 2. HP: 23/24 MP: 2/2
   333 | D:1      | Found a faded altar of an unknown god.
  1012 | D:2      | Noticed Sigmund
  1029 | D:2      | Slain by Sigmund

Illustrated notes

Levels and vault maps discovered:
D:1:      dpeg_arrival_round_a, layout_loops_cross,
          shapermc_ecumenical_altar_hornbeckon, minmay_octomino_j4
D:2:      layout_basic, uniq_natasha, uniq_sigmund

Skill      XL: |  1 |
---------------+----+-----
Axes           | 3 |  3.5
Fighting       | |  3.0
Armour         | |  1.7
Dodging        | |  1.7

Action                     || total
---------------------------++-------
  Melee: Hand axe          ||    62
 Invoke: Berserk           ||     1
 Armour: Animal skin       ||    25
         Chain mail        ||    23
  Dodge: Dodged            ||    25

Table legend: (Time is in decaauts)
 A = Elapsed time spent in this place.
 B = Non-inter-level travel time spent in this place.
 C = Inter-level travel time spent in this place.
 D = Time resting spent in this place.
 E = Time spent auto-exploring this place.
 F = Levels seen in this place.
 G = Mean time per level.
                   A        B        C        D        E       F      G
               +--------+--------+--------+--------+--------+-----+--------+
         Total |   1047 |    962 |     85 |      0 |    808 |   2 |  523.5 |
       Dungeon |   1047 |    962 |     85 |      0 |    808 |   2 |  523.5 |
               +--------+--------+--------+--------+--------+-----+--------+

Top non-repeatable levels by time:
     D:1: 967 daAuts
     D:2: 79 daAuts
